 Dungeon Crawl Stone Soup version 0.28-a0-769-g550dbda0cd (webtiles) character file.

Game seed: 9637902160227834103

123614 dolemite99 the Severer (level 16, 0/146 HPs)
             Began as a Hill Orc Fighter on Oct 31, 2021.
             Was a Priest of Beogh.
             Slain by a spark wasp (4 damage)
             ... on level 3 of the Spider Nest.
             The game lasted 00:56:46 (39895 turns).

dolemite99 the Severer (Hill Orc Fighter)          Turns: 39895, Time: 00:56:46

Health: 0/146      AC: 28    Str: 25    XL:     16   Next: 90%
Magic:  17/25      EV:  7    Int:  9    God:    Beogh [***...]
Gold:   787        SH:  0    Dex: 19    Spells: 15/15 levels left

rFire   + . .      SeeInvis .   a - +6 battleaxe (vamp)
rCold   + . .      Faith    +   (shield currently unavailable)
rNeg    . . .      Spirit   .   y - +2 plate armour
rPois   +          Reflect  .   V - +2 helmet
rElec   +          Harm     .   G - +1 cloak {Will+}
rCorr   +          Rampage  .   f - +2 pair of gloves
Will    +++..                   Z - +0 pair of boots "Kevveap" {Dex+3}
Stlth   ..........              o - amulet of faith
HPRegen 0.34/turn               P - +4 ring of slaying {=R}
MPRegen 0.19/turn               E - ring of the Enemy {rElec rPois Will+ Dex+6}

@: resistant
A: no striking features
a: Renounce Religion, Smiting


You were on level 3 of the Spider Nest.
You worshipped Beogh.
Beogh was most pleased with you.
You visited 5 branches of the dungeon, and saw 29 of its levels.

You collected 3464 gold pieces.
You spent 2677 gold pieces at shops.

Inventory:

Hand Weapons
 a - a +6 vampiric battleaxe (weapon)
 b - the +11 shortbow "Nunext" {venom, rC+}
   (You bought it in a shop on level 4 of the Dungeon)

   Any ammunition fired from it poisons the flesh of those it strikes.
   rC:        It protects you from cold.
 t - the +3 shortbow of Equivalence {speed, rF+++ rC+ Will- Stlth+}
   (You bought it in a shop on level 4 of the Dungeon)

   Attacks with this weapon are significantly faster.
   rF:        It renders you almost immune to fire.
   rC:        It protects you from cold.
   Will:      It decreases your willpower.
   Stlth:     It makes you more stealthy.
 N - a +0 glaive
Missiles
 h - 77 poisoned darts (quivered)
 v - 481 arrows
 M - 4 throwing nets
Armour
 f - a +2 pair of gloves (worn)
 y - a +2 plate armour (worn)
 G - a +1 cloak of willpower (worn)
 V - a +2 helmet (worn)
 Y - quicksilver dragon scales
 Z - the +0 pair of boots "Kevveap" (worn) {Dex+3}
   (You bought it in a shop on level 3 of the Dungeon)

   Dex:       It affects your dexterity (+3).
Jewellery
 e - a ring of fire
 o - an amulet of faith (around neck)
 q - an amulet of guardian spirit
 s - the amulet "Hifefucze" {Rampage rN+ Regen+ Stlth-}
   (You bought it in a shop on level 3 of the Dungeon)

   [amulet of regeneration]

   rN:        It protects you from negative energy.
   Regen:     It increases your rate of health regeneration.
   Rampage:   It bestows one free step when moving towards enemies.
   Stlth:     It makes you less stealthy.
 E - the ring of the Enemy (right hand) {rElec rPois Will+ Dex+6}
   (You found it on level 13 of the Dungeon)

   [ring of dexterity]

   Dex:       It affects your dexterity (+6).
   rElec:     It insulates you from electricity.
   rPois:     It protects you from poison.
   Will:      It increases your willpower.
 F - a ring of protection from cold
 K - a +6 ring of strength
 L - a ring of willpower
 O - an amulet of the acrobat
 P - a +4 ring of slaying (left hand) {=R}
 S - a ring of see invisible
Wands
 r - a wand of paralysis (11)
 x - a wand of flame (75)
 z - a wand of iceblast (27)
 C - a wand of digging (4)
 H - a wand of mindburst (68)
 W - a wand of polymorph (32)
Scrolls
 c - a scroll of fog
 d - 5 scrolls of blinking
 i - 11 scrolls of teleportation
 m - 3 scrolls of silence
 w - 8 scrolls of identify {@r1}
 I - 2 scrolls of magic mapping
 J - 2 scrolls of enchant armour
Potions
 g - 5 potions of invisibility
 l - 3 potions of resistance
 n - 4 potions of flight
 p - 2 potions of attraction
 u - 5 potions of haste
 A - 18 potions of curing
 B - 6 potions of lignification
 D - a potion of cancellation
 R - 2 potions of berserk rage
 T - 6 potions of mutation
 U - 4 potions of might
 X - 6 potions of degeneration


   Skills:
 - Level 14.0 Fighting
 - Level 19.1 Axes
 - Level 14.2 Bows
 - Level 12.2 Armour
 - Level 3.2 Shields
 - Level 12.1 Invocations
 + Level 11.7 Evocations


You had 15 spell levels left.
You didn't know any spells.
Your spell library contained the following spells:

 Spells                   Type           Power      Damage    Failure   Level
 Beastly Appendage        Tmut           0%         N/A       98%         1
 Sandblast                Erth           0%         2d4       98%         1
 Sting                    Tmut/Pois      0%         1d3       98%         1
 Blink                    Tloc           0%         N/A       99%         2
 Ensorcelled Hibernation  Hex/Ice        0%         N/A       99%         2
 Passwall                 Tmut/Erth      0%         N/A       99%         2
 Poisonous Vapours        Pois/Air       0%         N/A       99%         2
 Wereblood                Tmut           0%         N/A       99%         2
 Dazzling Flash           Conj/Hex       0%         N/A       100%        3
 Gell's Gravitas          Tloc           0%         N/A       100%        3
 Ignite Poison            Fire/Tmut/Pois 0%         N/A       100%        3
 Lesser Beckoning         Tloc           0%         N/A       100%        3
 Spider Form              Tmut/Pois      0%         N/A       100%        3
 Stone Arrow              Conj/Erth      0%         3d7       100%        3
 Teleport Other           Tloc           0%         N/A       100%        3
 Tukima's Dance           Hex            0%         N/A       100%        3
 Animate Armour           Summ/Erth      0%         N/A       100%        4
 Hailstorm                Conj/Ice       0%         3d3       100%        4
 Ice Form                 Ice/Tmut       0%         N/A       100%        4
 Iskenderun's Mystic Bla  Conj/Tloc      0%         2d3       100%        4
 Olgreb's Toxic Radiance  Pois           0%         N/A       100%        4
 Blade Hands              Tmut           0%         N/A       100%        5
 Fireball                 Conj/Fire      0%         3d3       100%        5
 Manifold Assault         Tloc           0%         N/A       100%        5
 Yara's Violent Unravell  Hex/Tmut       0%         3d3       100%        5
 Dispersal                Tloc           0%         N/A       100%        6
 Iron Shot                Conj/Erth      0%         9d1       100%        6
 Simulacrum               Ice/Necr       0%         N/A       100%        6
 Starburst                Conj/Fire      0%         6d3       100%        6
 Statue Form              Tmut/Erth      0%         N/A       100%        6
 Ignition                 Fire           0%         3d3       100%        8


Dungeon Overview and Level Annotations

Branches:
Dungeon (15/15)            Temple (0/1) D:7            Lair (6/6) D:11
 Shoals (2/4) Lair:3       Spider (4/4) Lair:4        Slime (0/5) Lair:5
    Orc (2/2) D:10            Elf (0/3) Orc:2        Vaults (0/5) D:14
 Depths (0/4) D:15

Altars:
Cheibriados
Dithmenos
Elyvilon
Fedhas
Gozag
Okawaru
Ru
Sif Muna
Uskayaw
Vehumet
Wu Jian
Yredelemnul
The Shining One
Beogh
Jiyva

Shops:
D:3 ***[   D:4 (   D:6 *   D:9 !   D:12 (   D:13 (   D:15 **   Orc:2 !!*?

Annotations:
D:8 1 runed translucent door, karkarkar's ghost, novice MiFi
D:12 3 runed translucent doors, jasper's ghost, journeyman DsAr
Lair:2 3 runed translucent doors, Pegaph's ghost, journeyman PaAM; Resaj's ghost, journeyman MiBe
Lair:6 1 runed translucent door
Spider:2 exclusion: downstairs


Message History

You smite the spark wasp!
The spark wasp is almost dead.
The spark wasp stings you! The spark wasp shocks you. You resist.
The jumping spider pounces on you but does no damage.
The jumping spider barely misses you.
The orb spider spins a strand of pure energy.
The spark wasp stings you! The spark wasp shocks you. You resist.
The jumping spider pounces on you but does no damage.
The jumping spider bites you but does no damage.
The spark wasp stings you but does no damage.
The spark wasp stings you! The spark wasp shocks you. You resist.
The jumping spider pounces on you but does no damage.
The jumping spider bites you but does no damage.
The spark wasp stings you!! The spark wasp shocks you. You resist.
The orb spider weaves a glowing orb of energy.
You climb upwards.
There is a stone staircase leading down, spattered with blood here.
Aiming: Smiting
Press: ? - help, Dir - move target, f - jumping spider Smite: a jumping spider You smite the jumping spider!
The jumping spider is almost dead.
The spark wasp stings you!!
* * * LOW HITPOINT WARNING * * *
The spark wasp shocks you. You resist.
* * * LOW HITPOINT WARNING * * *
The jumping spider pounces on you.
* * * LOW HITPOINT WARNING * * *
The jumping spider bites you but does no damage.
The spark wasp stings you but does no damage.
The spark wasp bursts into living lightning!
The living lightning hits you. You resist.
* * * LOW HITPOINT WARNING * * *
The spark wasp blinks!
The jumping spider leaps!
Okay, then.
You feel protected. The spark wasp stings you!!
* * * LOW HITPOINT WARNING * * *
The spark wasp shocks you. You resist.
You die...

#...#..^#....#
#....#..##^###
#..#..#.####
#.......#####
#...#..#.#^.####
#..(.##.<...^..##
##...y#^..#.....#####
#..#..##....##..#...##
#..#^@°#.#....#......#
#..#..y#..†.#.##..#...
#.......#.>.#..^.#...#
#^...#..###....#^##...
#....#^#.......#..#^#.
#..^.......#.##..#.#..
##s#.#...#.#..#..#....
##....^#....#..#.##.#
##.##..#.#...#......


You could see 2 spark wasps and a jumping spider.

Vanquished Creatures
  Mara (Spider:3)
  Mlioglotl (Spider:2)
  Asterion (Spider:1)
  Kirke (Spider:1)
  Agnes (Spider:2)
  Roxanne (Spider:1)
  Donald (Spider:2)
  8 emperor scorpions
  A stone giant (D:15)
  Azrael (Spider:2)
  2 entropy weavers
  A spark wasp (Spider:4)
  A fire dragon (Lair:6)
  3 merfolk impalers
  Harold (D:8)
  2 hydras
  An alligator snapping turtle (Lair:3)
  5 centaur warriors
  A merfolk avatar (Shoals:2)
  2 two-headed ogres
  A merfolk aquamancer (Shoals:2)
  A dancing weapon (D:14)
  An orc high priest (Orc:2)
  A sea snake (Shoals:2)
  A swamp dragon (Lair:6)
  5 orc knights
  2 lindwurms (Lair:6)
  10 harpies
  A phantasmal warrior (D:15)
  A deep elf pyromancer (D:12)
  6 orb spiders
  3 orc sorcerers (Orc:2)
  3 fauns (Shoals:1)
  22 wolf spiders
  4 ugly things (D:14)
  5 manticores
  2 moths of wrath
  2 water nymphs
  A merfolk siren (Lair:3)
  Maurice (D:8)
  6 cane toads
  A black mamba (Lair:5)
  2 torpor snails
  4 rime drakes
  A kobold demonologist (D:12)
  A freezing wraith (D:15)
  13 demonic crawlers
  2 komodo dragons
  19 jumping spiders
  3 trolls
  A tyrant leech (Lair:6)
  Grinder (D:4)
  3 merfolk
  A dream sheep (Lair:6)
  A polar bear (Lair:1)
  A wind drake (Lair:3)
  18 hornets
  2 snapping turtles
  3 blink frogs (Lair:3)
  2 slime creatures (D:14)
  28 tarantellas
  2 shadows (D:11)
  A vampire (D:14)
  38 redbacks
  4 water elementals
  4 wyverns
  2 fire elementals (Spider:2)
  27 yaks
  3 basilisks
  3 hogs (Spider:1)
  A steam dragon (D:9)
  A warg (Orc:2)
  3 hell hounds (Spider:2)
  3 acid dragons
  10 water moccasins
  A swamp drake (Lair:6)
  17 orc warriors
  3 sky beasts
  4 black bears
  5 ogres
  2 wolves
  6 centaurs
  A kobold brigand (D:7)
  17 bullfrogs
  A wyvern zombie (D:6)
  2 water moccasin zombies
  7 scorpions
  5 howler monkeys
  A killer bee (D:11)
  7 wights
  3 vampire bats (D:3)
  3 electric eels
  2 lava snakes (D:13)
  5 centaur zombies
  2 bullfrog zombies (D:6)
  2 hounds
  A centaur skeleton (D:5)
  11 orc priests
  Crazy Yiuf (D:7)
  A bullfrog skeleton (D:5)
  A scorpion zombie (D:5)
  6 iguanas
  Natasha (thrice) (D:2)
  9 orc wizards
  2 killer bee zombies
  2 howler monkey zombies
  5 adders
  10 gnolls
  2 shadow imps
  2 white imps
  2 ufetubi
  3 worms
  37 orcs
  8 endoplasms
  7 giant cockroaches
  9 goblins
  9 hobgoblins
  15 kobolds
  4 quokkas
  8 ball pythons
  11 bats
  4 frilled lizards
  8 rats
  A fire vortex (D:13)
  A tentacle (Shoals:1)
603 creatures vanquished.

Vanquished Creatures (collateral kills)
  Rupert (Lair:5)
  Gastronok (Lair:3)
  A merfolk javelineer (Shoals:2)
  A hydra (D:11)
  An orc high priest (Lair:6)
  A centaur warrior (D:13)
  A catoblepas (Lair:5)
  A dancing weapon (D:14)
  2 two-headed ogres (D:13)
  A death knight (D:15)
  The ghost of Werasm the Carver, a novice FoAK of Lugonu (D:15)
  A death yak (Lair:5)
  A skeletal warrior (D:15)
  3 sea snakes (Shoals:2)
  A wizard (D:14)
  2 deep elf pyromancers
  An orc knight (Orc:2)
  2 cyclopes
  A manticore (Shoals:2)
  7 elephants
  3 ugly things
  A merfolk siren (Shoals:2)
  5 torpor snails (Lair:6)
  2 cane toads (Lair:4)
  5 rime drakes
  4 komodo dragons
  4 merfolk (Shoals:2)
  2 tyrant leeches (Lair:6)
  A wind drake (Shoals:2)
  A polar bear (Lair:6)
  A hornet (Lair:6)
  A snapping turtle (Shoals:2)
  2 blink frogs (Lair:3)
  8 slime creatures
  A dream sheep (Lair:6)
  A redback (Lair:4)
  A wyvern (D:11)
  2 wraiths
  10 yaks
  A centaur simulacrum (D:15)
  A basilisk (D:15)
  A water elemental (Shoals:2)
  A warg (Orc:2)
  2 acid dragons
  6 water moccasins
  5 orc warriors
  A black bear (D:11)
  4 wolves (Lair:4)
  5 centaurs
  A bullfrog (Lair:1)
  2 orc priests
  2 iguanas (Lair:6)
  5 orc wizards
  9 orcs
  A bush (Lair:4)
133 creatures vanquished.

Vanquished Creatures (others)
  An orc warlord (Shoals:2)
  2 orc high priests
  4 orc knights
  An orc sorcerer (Orc:2)
  A hornet (Lair:6)
  3 orc warriors
  5 orc priests
  5 orc wizards
  12 orcs
  A giant cockroach (D:4)
  34 fungi
  95 plants
  8 tentacles
172 creatures vanquished.

Grand Total: 908 creatures vanquished

Notes
Turn   | Place    | Note
-------+----------+-------------------------------------------
     0 | D:1      | dolemite99 the Hill Orc Fighter began the quest for the
                  | Orb.
     0 | D:1      | Reached XP level 1. HP: 19/19 MP: 1/1
    44 | D:1      | Reached skill level 3 in Axes
   232 | D:1      | Reached XP level 2. HP: 26/26 MP: 2/2
   397 | D:1      | Reached skill level 4 in Axes
   706 | D:2      | Reached XP level 3. HP: 31/31 MP: 3/3
  1021 | D:2      | Reached skill level 5 in Axes
  1180 | D:2      | Noticed Natasha
  1191 | D:2      | Killed Natasha
  1192 | D:2      | Reached XP level 4. HP: 39/39 MP: 4/4
  1351 | D:2      | Noticed Natasha
  1357 | D:2      | Killed Natasha
  1358 | D:2      | Reached skill level 6 in Axes
  1391 | D:2      | Noticed Natasha
  1405 | D:2      | Killed Natasha
  1406 | D:2      | Reached XP level 5. HP: 40/45 MP: 5/5
  1423 | D:3      | Noticed a centaur
  1429 | D:3      | Killed a centaur
  1430 | D:3      | Reached skill level 7 in Axes
  1457 | D:3      | Found a faded altar of an unknown god.
  1532 | D:3      | Reached skill level 8 in Axes
  1532 | D:3      | Reached XP level 6. HP: 49/51 MP: 6/6
  1594 | D:3      | Found a radiant altar of Vehumet.
  1603 | D:3      | Found Teoc's General Store.
  1610 | D:3      | Found Tifurem's Assorted Antiques.
  1625 | D:3      | Reached skill level 9 in Axes
  1957 | D:3      | Became a worshipper of Beogh the Brigand
  1984 | D:3      | Bought a fine amethyst amulet for 125 gold pieces
  1984 | D:3      | Identified the amulet "Hifefucze" {Rampage rN+ Regen+
                  | Stlth-} (You bought it in a shop on level 3 of the Dungeon)
  2050 | D:3      | Found Otoil's Armour Shop.
  2218 | D:3      | Found Symaw's Assorted Antiques.
  2228 | D:3      | Bought a scroll labelled WOMPAK XUCOAQE for 24 gold pieces
  2421 | D:4      | Noticed Grinder
  2427 | D:4      | Noticed a black bear
  2438 | D:4      | Killed Grinder
  2439 | D:4      | Reached skill level 10 in Axes
  2439 | D:4      | Reached XP level 7. HP: 52/57 MP: 7/7
  2453 | D:4      | Reached skill level 11 in Axes
  2478 | D:4      | Found Vomp's Antique Weapon Shoppe.
  2785 | D:4      | Reached * piety under Beogh
  3050 | D:5      | Entered Level 5 of the Dungeon
  3066 | D:5      | Reached XP level 8. HP: 64/64 MP: 8/8
  3166 | D:5      | Reached skill level 12 in Axes
  3302 | D:5      | Found an ornate altar of the Wu Jian Council.
  3748 | D:3      | Bought a scroll labelled GAL IRUTOXT for 25 gold pieces
  3748 | D:3      | Bought a cyan potion for 22 gold pieces
  3959 | D:6      | Reached skill level 5 in Armour
  4498 | D:6      | Reached XP level 9. HP: 71/72 MP: 9/9
  4531 | D:6      | Reached skill level 5 in Fighting
  4546 | D:6      | Found Teefakk's General Store.
  4549 | D:6      | Bought a potion of curing for 42 gold pieces
  4550 | D:6      | Bought 2 potions of curing for 84 gold pieces
  4722 | D:6      | Found a shadowy altar of Dithmenos.
  4886 | D:7      | Found a hide-covered altar of Uskayaw.
  5036 | D:7      | Found a basalt altar of Yredelemnul.
  5076 | D:7      | Reached ** piety under Beogh
  5169 | D:7      | Found a staircase to the Ecumenical Temple.
  5449 | D:7      | Found a blossoming altar of Fedhas.
  5451 | D:7      | Noticed a hornet
  5458 | D:7      | Killed a hornet
  5533 | D:7      | Found a sacrificial altar of Ru.
  5721 | D:7      | Found a runed translucent door.
  5722 | D:7      | Noticed Crazy Yiuf
  5739 | D:7      | Killed Crazy Yiuf
  5927 | D:8      | Noticed Maurice
  6060 | D:8      | Killed Maurice
  6217 | D:8      | Noticed a two-headed ogre
  6228 | D:8      | Killed a two-headed ogre
  6229 | D:8      | Reached XP level 10. HP: 86/91 MP: 0/15
  6656 | D:8      | Noticed a deep elf pyromancer
  6656 | D:8      | Noticed a two-headed ogre
  6833 | D:8      | Found a runed translucent door.
  6837 | D:8      | Noticed karkarkar's ghost (novice MiFi)
  6991 | D:8      | Found a glowing golden altar of the Shining One.
  7035 | D:8      | Noticed Harold
  7047 | D:8      | Killed Harold
  7480 | D:9      | Found an iron altar of Okawaru.
  7545 | D:9      | Found a white marble altar of Elyvilon.
  7549 | D:9      | Identified the +4 war axe of Drought {drain, Will+ Str+6
                  | Stlth+}
  7598 | D:9      | Reached skill level 13 in Axes
  7608 | D:9      | Reached skill level 10 in Fighting
  7796 | D:9      | Found Ucrarogo's Distillery.
  7809 | D:9      | Bought a potion of heal wounds for 80 gold pieces
  7809 | D:9      | Bought a potion of berserk rage for 80 gold pieces
  8342 | D:9      | Found a snail-covered altar of Cheibriados.
  8455 | D:9      | Reached XP level 11. HP: 85/101 MP: 17/17
  9192 | D:9      | Bought a potion of might for 64 gold pieces
  9199 | D:10     | Entered Level 10 of the Dungeon
  9272 | D:10     | Reached skill level 14 in Axes
  9363 | D:10     | Noticed a two-headed ogre
  9373 | D:10     | Killed a two-headed ogre
  9501 | D:10     | Found an opulent altar of Gozag.
  9650 | D:10     | Found a roughly hewn altar of Beogh.
  9650 | D:10     | Found a staircase to the Orcish Mines.
  9711 | D:10     | Reached *** piety under Beogh
  9725 | D:10     | Noticed an orc knight
  9740 | D:10     | Killed an orc knight
 10226 | D:10     | Reached skill level 15 in Axes
 10584 | D:11     | Found a staircase to the Lair.
 10836 | D:11     | Identified a scroll of acquirement
 10836 | D:11     | Acquired 1050 gold pieces
 11044 | D:3      | Bought a pair of scorched boots for 237 gold pieces
 11044 | D:3      | Identified the +0 pair of boots "Kevveap" {Dex+3} (You
                  | bought it in a shop on level 3 of the Dungeon)
 11109 | D:4      | Bought a runed longbow for 240 gold pieces
 11112 | D:4      | Bought a warped shortbow for 256 gold pieces
 11112 | D:4      | Identified the +3 shortbow of Equivalence {speed, rF+++ rC+
                  | Will- Stlth+} (You bought it in a shop on level 4 of the
                  | Dungeon)
 11112 | D:4      | Bought a translucent shortbow for 256 gold pieces
 11112 | D:4      | Identified the +11 shortbow "Nunext" {venom, rC+} (You
                  | bought it in a shop on level 4 of the Dungeon)
 11233 | D:3      | Bought 15 arrows for 42 gold pieces
 11513 | D:3      | Bought 27 arrows for 75 gold pieces
 11706 | Lair:1   | Entered Level 1 of the Lair of Beasts
 11728 | Lair:1   | Reached skill level 1 in Bows
 12283 | Lair:1   | Found a frozen archway.
 12712 | D:11     | Reached XP level 12. HP: 108/110 MP: 18/18
 12729 | D:11     | Noticed a six-headed hydra
 12737 | D:11     | Killed a six-headed hydra
 12943 | D:11     | Reached skill level 5 in Bows
 13665 | D:12     | Found Ridik's Weapon Emporium.
 13712 | D:12     | Found a shimmering blue altar of Sif Muna.
 14450 | D:12     | Reached **** piety under Beogh
 14681 | D:12     | Found a runed translucent gate.
 14681 | D:12     | Found a runed translucent gate.
 14681 | D:12     | Found a runed translucent gate.
 14686 | D:12     | Noticed jasper's ghost (journeyman DsAr)
 14883 | D:13     | Identified the ring of the Enemy {rElec rPois Will+ Dex+6}
 14977 | D:13     | Found a roughly hewn altar of Beogh.
 15212 | D:13     | Noticed a two-headed ogre
 15214 | D:13     | Noticed a centaur warrior
 15217 | D:13     | Killed a centaur warrior
 15223 | D:13     | Killed a two-headed ogre
 15450 | D:13     | Noticed a centaur warrior
 15459 | D:13     | Killed a centaur warrior
 15681 | D:13     | Noticed a centaur warrior
 15683 | D:13     | Killed a centaur warrior
 15726 | D:13     | Noticed a two-headed ogre
 15731 | D:13     | Killed a two-headed ogre
 16054 | D:13     | Found Nuweur's Weapon Shoppe.
 16358 | Lair:2   | Gained Ugrim as an ally
 16518 | Lair:2   | Reached skill level 10 in Bows
 16757 | Lair:2   | Found a runed translucent gate.
 16757 | Lair:2   | Found a runed translucent gate.
 16757 | Lair:2   | Found a runed translucent gate.
 16766 | Lair:2   | Identified the +0 helmet "Miczak" {Will- Regen+ Int+3 SInv}
 16963 | Lair:2   | Noticed Pegaph's ghost (journeyman PaAM)
 16963 | Lair:2   | Noticed Resaj's ghost (journeyman MiBe)
 17530 | Lair:3   | Reached XP level 13. HP: 116/116 MP: 19/19
 17684 | Lair:3   | Found a staircase to the Shoals.
 17861 | Lair:3   | Noticed Gastronok
 17868 | Lair:3   | Killed Gastronok
 18880 | Lair:4   | Reached skill level 16 in Axes
 19053 | Lair:4   | You fall into a shaft and drop 1 floor!
 19220 | Lair:5   | Found a viscous altar of Jiyva.
 19221 | Lair:5   | Found a staircase to the Slime Pits.
 19402 | Lair:4   | Reached ***** piety under Beogh
 19403 | Lair:4   | Reached skill level 17 in Axes
 19618 | Lair:4   | Found a hole to the Spider Nest.
 21354 | Lair:5   | Reached skill level 18 in Axes
 21662 | Lair:5   | Noticed Rupert
 21669 | Lair:5   | Killed Rupert
 22133 | Lair:6   | Entered Level 6 of the Lair of Beasts
 22503 | Lair:6   | Identified the +7 broad axe of Famine {venom, Int+4}
 22567 | Lair:6   | Reached skill level 19 in Axes
 22850 | Lair:6   | Found a runed translucent door.
 22851 | Lair:6   | Noticed an ice dragon
 22925 | Lair:6   | Reached XP level 14. HP: 124/124 MP: 13/20
 24634 | Orc:1    | Entered Level 1 of the Orcish Mines
 24841 | Orc:2    | Entered Level 2 of the Orcish Mines
 24890 | Orc:2    | Found a staircase to the Elven Halls.
 24890 | Orc:2    | Found a roughly hewn altar of Beogh.
 25120 | Orc:2    | Found Roun's Distillery.
 25169 | Orc:2    | Found Wituol's Magic Scroll Shoppe.
 25171 | Orc:2    | Found Gimmaracs's Distillery.
 25175 | Orc:2    | Found Uthroig's General Store.
 25942 | Orc:1    | Reached skill level 10 in Armour
 26087 | Orc:2    | Bought a wand of iceblast (11) for 150 gold pieces
 26087 | Orc:2    | Bought a scroll of enchant weapon for 75 gold pieces
 26087 | Orc:2    | Bought a scroll of enchant armour for 75 gold pieces
 26098 | Orc:2    | Bought a potion of invisibility for 88 gold pieces
 26098 | Orc:2    | Bought 2 potions of haste for 220 gold pieces
 26098 | Orc:2    | Bought a potion of cancellation for 88 gold pieces
 26098 | Orc:2    | Bought a potion of might for 44 gold pieces
 26098 | Orc:2    | Bought a potion of curing for 33 gold pieces
 26098 | Orc:2    | Bought a potion of flight for 33 gold pieces
 26098 | Orc:2    | Bought a potion of curing for 33 gold pieces
 26098 | Orc:2    | Bought a potion of curing for 33 gold pieces
 26098 | Orc:2    | Bought a potion of curing for 33 gold pieces
 27388 | D:14     | Found a gate to the Vaults.
 27401 | D:14     | Reached skill level 10 in Invocations
 27831 | D:14     | Found a hide-covered altar of Uskayaw.
 28078 | D:15     | Entered Level 15 of the Dungeon
 28175 | D:15     | Found a large runed translucent door.
 28175 | D:15     | Found a large runed translucent door.
 28180 | D:15     | Noticed Werasm's ghost (novice FoAK)
 28489 | D:15     | Found Sumiosch's Specific Store.
 28492 | D:15     | Found Zoruovo's General Store.
 28496 | D:15     | Bought a scroll of blinking for 120 gold pieces
 28738 | D:15     | Found a staircase to the Depths.
 28738 | D:15     | Noticed a stone giant
 28744 | D:15     | Killed a stone giant
 29053 | D:15     | Killed Werasm's ghost
 29251 | Shoals:1 | Entered Level 1 of the Shoals
 29920 | Lair:3   | Reached XP level 15. HP: 84/133 MP: 24/24
 31211 | Shoals:1 | Noticed a kraken
 31483 | Shoals:2 | Your ally Ugrim died
 32709 | Shoals:2 | Noticed a kraken
 33035 | Spider:1 | Entered Level 1 of the Spider Nest
 33677 | Spider:1 | Noticed Kirke
 33696 | Spider:1 | Killed Kirke
 33709 | Spider:1 | Noticed Asterion
 33714 | Spider:1 | Noticed a cacodemon
 33714 | Spider:1 | Killed Asterion
 34077 | Spider:1 | Identified Roxanne's Catalogue of Transmigration
 34077 | Spider:1 | Noticed Roxanne
 34143 | Spider:1 | Killed Roxanne
 34355 | Spider:2 | Noticed an emperor scorpion
 34356 | Spider:2 | Paralysed by a hornet for 3 turns
 34372 | Spider:2 | Killed an emperor scorpion
 34815 | Spider:2 | Reached skill level 1 in Evocations
 35068 | Spider:2 | Noticed an emperor scorpion
 35083 | Spider:2 | Killed an emperor scorpion
 35314 | Spider:2 | Reached XP level 16. HP: 146/146 MP: 25/25
 35348 | Spider:2 | Noticed Donald
 35362 | Spider:2 | Killed Donald
 35395 | Spider:2 | Noticed Agnes
 35406 | Spider:2 | Killed Agnes
 35407 | Spider:2 | Reached skill level 5 in Evocations
 35927 | Spider:2 | Noticed Mlioglotl
 35935 | Spider:2 | Killed Mlioglotl
 36121 | Spider:2 | Noticed Azrael
 36127 | Spider:2 | Killed Azrael
 36519 | Spider:3 | Noticed Mara
 36703 | Spider:3 | Noticed dolemite99's illusion
 36715 | Spider:3 | Killed Mara
 37659 | Spider:3 | Reached skill level 10 in Evocations
 38386 | Spider:4 | Entered Level 4 of the Spider Nest
 39895 | Spider:3 | HP: 4/146 [spark wasp (22)]
 39895 | Spider:3 | Slain by a spark wasp

Illustrated notes

Levels and vault maps discovered:
D:1:      amcnicky_arrival_blooded_trapdoor, layout_loops_ring
D:2:      layout_rooms, minmay_cupped, uniq_natasha
D:3:      layout_rooms, mainiacjoe_overflow_catwalk, serial_shops, shop,
          shop_fountains, nicolae_shop_statue_plus, nicolae_lakefront_shop,
          ebering_ecumenical_altar_mist, minivault_11, roderic_batcave,
          feat_on_display
D:4:      layout_rooms, serial_shops, kennysheep_mini_moat,
          kennysheep_windowed_goal, uniq_grinder
D:5:      layout_rooms, lemuel_tele_altar
D:6:      layout_rooms, mainiacjoe_overflow_24_doors, serial_shops,
          kennysheep_mini, minmay_misc_feat_doors, minmay_misc_feat_plants,
          corexii_checkpoint_a
D:7:      layout_loops_corners, nicolae_overflow_quartered_altars,
          minmay_temple_entry_waves, enter_bailey_4, serial_undead,
          serial_undead_f, serial_undead_e, serial_undead_c, serial_undead_c,
          serial_undead_a, minmay_door_square, uniq_crazy_yiuf_cottage
D:8:      layout_loops_ring, nicolae_overflow_crystal_walls,
          ebering_ghost_reflecting_pool, lightli_corner_chamber, uniq_maurice,
          uniq_harold
D:9:      layout_layer_cave, nicolae_elyvilon_peaceful_grove,
          grunt_temple_overflow_open, serial_shops,
          nicolae_shop_competitors_out_of_business
D:10:     layout_irregular_city, mainiacjoe_overflow_alcove_1, david_orc_5,
          mrwooster_statue_mirror
D:11:     layout_small_grid, minmay_lair_entry_grove
D:12:     layout_roguey, gammafunk_ghost_necromancy, serial_shops,
          shop_fountains, led_sif_pool
D:13:     layout_basic, serial_shops, nicolae_shop_behind_doors, special_room
          [special_room_orc], serial_bayou_pond_d
D:14:     layout_roguey, erik_vaults_1, nicolae_uskayaw_dance_hall,
          minmay_holes, serial_bayou_crossing
D:15:     grunt_enter_depths_giant_problem, layout_cave_pools,
          minmay_misc_feat_pillars, ebering_ghost_disaster_area,
          nicolae_specific_store
Lair:1:   layout_long_grid, portal_ice_cave_rime,
          chequers_serial_rivers_micro_c, chequers_serial_rivers_room_b,
          minivault_23
Lair:2:   layout_regular_city, gammafunk_ghost_cemetery, columned_hall_lemuel,
          serial_bayou_pond_c
Lair:3:   layout_chaotic_city, minmay_shoals_entry_beasts, uniq_gastronok
Lair:4:   layout_long_grid, nicolae_spider_entry_tight_spaces,
          beast_lair_carwin_11
Lair:5:   layout_regular_city, dpeg_slime_entry_enclosed_altar,
          nicolae_lair_yak_garden, lemuel_fruit_fields, grunt_megastairs_4,
          uniq_rupert
Lair:6:   guppyfry_lair_end_dragon, layout_loops_ring, wormcave, minivault_25,
          nicolae_quartered_pool_little
Shoals:1: layout_shoals, nicolae_shoals_kraken_intersection
Shoals:2: layout_shoals, nicolae_shoals_water_booths
Spider:1: layout_spider_delve, uniq_asterion, uniq_roxanne, uniq_kirke
Spider:2: layout_spider_delve, hangedman_spider_tarantella_strand, uniq_agnes,
          uniq_donald, uniq_azrael, uniq_mlioglotl
Spider:3: spiders_nest_scorpion_pit, uniq_mara
Spider:4: spider_rune_water, ebering_ghost_rock_garden,
          nicolae_spider_eight_legs
Orc:1:    layout_diamond_mine, serial_shops, shop,
          nicolae_volcano_entry_lava_flow
Orc:2:    st_orc_elflike, layout_diamond_mine, basic_altar

Skill      XL: |  1  2  3  4  5  6  7  8  9 10 11 12 13 14 15 16 |
---------------+-------------------------------------------------+-----
Axes           | 3 4 5 6 8 10 11 12 13 15 19 | 19.1
Armour         | 7 8 9 10 12 | 12.2
Fighting       | 4 9 10 11 12 14 | 14.0
Invocations    | 7 8 12 | 12.1
Bows           | 4 10 11 13 14 | 14.2
Evocations     | 3 11 | 11.7
Shields        | |  3.2

Action                   |  1- 3 |  4- 6 |  7- 9 | 10-12 | 13-15 | 16-18 || total
-------------------------+-------+-------+-------+-------+-------+-------++-------
Melee: War axe           |    99 |   151 |   272 |   207 |    13 |       ||   742
       Battleaxe         |       |       |       |       |   278 |   134 ||   412
       Shortbow          |       |       |       |       |     2 |       ||     2
 Fire: Hand crossbow     |       |       |       |    86 |       |       ||    86
       Shortbow          |       |       |       |   160 |   446 |   190 ||   796
Throw: Dart              |       |       |    38 |    24 |    16 |       ||    78
Invok: Convert to Beogh  |       |     1 |       |       |       |       ||     1
       Smiting           |       |       |     4 |     5 |    39 |    29 ||    77
       Recall Orcish Fol |       |       |       |     1 |     9 |       ||    10
       Give Item to Name |       |       |       |       |     1 |       ||     1
Evoke: Wand              |       |       |     2 |       |     5 |     6 ||    13
  Use: Scroll            |       |     9 |     9 |    18 |     5 |     7 ||    48
       Potion            |       |     2 |     2 |       |     2 |    14 ||    20
 Stab: Distracted        |       |       |       |     1 |     3 |       ||     4
       Paralysed         |       |       |       |       |     1 |       ||     1
       Invisible         |       |       |       |       |       |    17 ||    17
Armor: Scale mail        |    63 |    64 |       |       |       |       ||   127
       Chain mail        |       |    23 |    37 |       |       |       ||    60
       Plate armour      |       |       |    98 |   240 |   541 |   417 ||  1296
       Quicksilver drago |       |       |       |    21 |       |       ||    21
Dodge: Dodged            |    44 |    90 |    61 |   125 |   222 |   145 ||   687
Block: Buckler           |    18 |    29 |    48 |    42 |       |       ||   137

Table legend: (Time is in decaauts)
 A = Elapsed time spent in this place.
 B = Non-inter-level travel time spent in this place.
 C = Inter-level travel time spent in this place.
 D = Time resting spent in this place.
 E = Time spent auto-exploring this place.
 F = Levels seen in this place.
 G = Mean time per level.
                   A        B        C        D        E       F      G
               +--------+--------+--------+--------+--------+-----+--------+
         Total |  39742 |  37060 |   2682 |  15161 |  15618 |  29 | 1370.4 |
       Dungeon |  18612 |  16926 |   1686 |   5799 |   7921 |  15 | 1240.8 |
          Lair |  10526 |   9949 |    577 |   4194 |   4378 |   6 | 1754.3 |
        Shoals |   2406 |   2351 |     55 |    995 |    836 |   2 | 1203.0 |
   Spider Nest |   6679 |   6514 |    165 |   3684 |   1917 |   4 | 1669.8 |
  Orcish Mines |   1517 |   1318 |    199 |    487 |    566 |   2 |  758.5 |
               +--------+--------+--------+--------+--------+-----+--------+

Top non-repeatable levels by time:
Spider:3: 3127 daAuts
  Lair:3: 2627 daAuts
  Lair:6: 1996 daAuts
    D:12: 1903 daAuts
Spider:2: 1879 daAuts
  Lair:4: 1806 daAuts
     D:9: 1746 daAuts
Shoals:2: 1629 daAuts
Spider:1: 1617 daAuts
    D:10: 1617 daAuts
  Lair:5: 1565 daAuts
     D:8: 1556 daAuts
    D:11: 1497 daAuts
    D:13: 1450 daAuts
     D:3: 1398 daAuts
